APL (24 & UNDER)
BEAVERTON BRONZE SOULS @ NANTUCKET ORCAS
08/04/2030
 
TOP OF THE 1ST
Beaverton Bronze Souls batting - Pitching for Nantucket Orcas : LHP Armando García
Pitching: LHP Armando García
Batting: RHB Cameron Irwin 0-0: Fly out, F6 (Line Drive, 6)
Batting: LHB Manuel Félix 0-0: Called Strike
0-1: Ball
1-1: Ball
2-1: Foul Ball, location: 2F
2-2: Strikes out swinging
Batting: RHB Steve Smith 0-0: Ball
1-0: Ball
2-0: Ball
3-0: Called Strike
3-1: Base on Balls
Batting: RHB Dan Cross 0-0: Called Strike
0-1: Ball
1-1: Foul Ball, location: 2F
1-2: Foul Ball, location: 2F
1-2: Ball
2-2: Ball
3-2: Base on Balls
Steve Smith to second
Batting: RHB Luis Carranza 0-0: Called Strike
0-1: Ball
1-1: Ball
2-1: Called Strike
2-2: Ball
3-2: Foul Ball, location: 2F
3-2: Foul Ball, location: 2F
3-2: Fly out, F8 (Flyball, 8LM)
Top of the 1st over - 0 runs, 0 hits, 0 errors, 2 left on base; Beaverton 0 - Nantucket 0
BOTTOM OF THE 1ST
Nantucket Orcas batting - Pitching for Beaverton Bronze Souls : RHP Wilson Díaz
Pitching: RHP Wilson Díaz
Batting: RHB Charlie Pérez 0-0: Ball
1-0: Foul Ball, location: 2F
1-1: Ball
2-1: Ground out 6-3 (Groundball, 6)
Batting: RHB Demetrio Inrouville 0-0: Ground out 5-3 (Groundball, 5)
Batting: LHB Eugene Lee 0-0: Called Strike
0-1: Ball
1-1: Ball
2-1: Foul Ball, location: 2F
2-2: SINGLE (Line Drive, 4D)
Batting: RHB Paul Bell 0-0: Called Strike
0-1: Called Strike
0-2: Ball
1-2: Ball
2-2: Ground out 5-3 (Groundball, 56S)
Bottom of the 1st over - 0 runs, 1 hit, 0 errors, 1 left on base; Beaverton 0 - Nantucket 0
TOP OF THE 2ND
Beaverton Bronze Souls batting - Pitching for Nantucket Orcas : LHP Armando García
Batting: LHB Cisco Gallegos 0-0: Called Strike
0-1: SINGLE (Groundball, 56D)
Batting: RHB Salvador Castro 0-0: Foul Ball, location: 2F
0-1: Ball
1-1: Ball
2-1: Grounds into double play, 4-6-3 (Groundball, 4)
Batting: SHB Teko de Bruin 0-0: Ball
1-0: Swinging Strike
1-1: Swinging Strike
1-2: Strikes out swinging
Top of the 2nd over - 0 runs, 1 hit, 0 errors, 0 left on base; Beaverton 0 - Nantucket 0
BOTTOM OF THE 2ND
Nantucket Orcas batting - Pitching for Beaverton Bronze Souls : RHP Wilson Díaz
Batting: RHB Juan Gómez 0-0: Ball
1-0: Foul Ball, location: 2F
1-1: Called Strike
1-2: Ball
2-2: Strikes out swinging
Batting: SHB Cristián Salazar 0-0: Ball
1-0: Ball
2-0: Swinging Strike
2-1: Ball
3-1: Foul Ball, location: 2F
3-2: Foul Ball, location: 2F
3-2: Foul Ball, location: 2F
3-2: Strikes out swinging
Batting: RHB Curt O'Brian 0-0: Ground out 6-3 (Groundball, 6)
Bottom of the 2nd over - 0 runs, 0 hits, 0 errors, 0 left on base; Beaverton 0 - Nantucket 0
TOP OF THE 3RD
Beaverton Bronze Souls batting - Pitching for Nantucket Orcas : LHP Armando García
Batting: LHB Chris White 0-0: Called Strike
0-1: Ball
1-1: Ball
2-1: Swinging Strike
2-2: Strikes out swinging
Batting: RHB Cameron Irwin 0-0: Ball
1-0: Called Strike
1-1: Foul Ball, location: 2F
1-2: Ball
2-2: Foul Ball, location: 2F
2-2: Foul Ball, location: 2F
2-2: Ball
3-2: Base on Balls
Batting: LHB Manuel Félix Pickoff Throw to First - Out!
0-0: Called Strike
0-1: Ball
1-1: Ball
2-1: Ball
3-1: Called Strike
3-2: Foul Ball, location: 2F
3-2: Foul Ball, location: 2F
3-2: Reached on error, E5 (Groundball, 56)
Batting: RHB Steve Smith 0-0: Called Strike
0-1: Ball
1-1: Swinging Strike
1-2: Foul Ball, location: 2F
1-2: Ball
2-2: Ball
3-2: SINGLE (Groundball, 6MD)
Manuel Félix to third
Manuel Félix scores
Batting: RHB Dan Cross 0-0: Swinging Strike
0-1: Ball
1-1: Ball
2-1: Called Strike
2-2: Foul Ball, location: 2F
2-2: Foul Ball, location: 2F
2-2: Ball
3-2: Foul Ball, location: 2F
3-2: Base on Balls
Steve Smith to second
Pitching: LHP Lopes Ambar
Batting: RHB Luis Carranza 0-0: Ball
1-0: SINGLE (Line Drive, 9S)
Steve Smith to third
Dan Cross to second
Runner from 3rd tries for Home, throw and OUT!
Top of the 3rd over - 1 run, 2 hits, 1 error, 2 left on base; Beaverton 1 - Nantucket 0
BOTTOM OF THE 3RD
Nantucket Orcas batting - Pitching for Beaverton Bronze Souls : RHP Wilson Díaz
Batting: RHB Norberto Navarro 0-0: Swinging Strike
0-1: Ball
1-1: Fly out, F7 (Flyball, 7S)
Batting: RHB Luis Cruz 0-0: Ground out 4-3 (Groundball, 4)
Batting: RHB Charlie Pérez 0-0: Called Strike
0-1: Ball
1-1: Swinging Strike
1-2: Strikes out swinging
Bottom of the 3rd over - 0 runs, 0 hits, 0 errors, 0 left on base; Beaverton 1 - Nantucket 0
TOP OF THE 4TH
Beaverton Bronze Souls batting - Pitching for Nantucket Orcas : LHP Lopes Ambar
Batting: LHB Cisco Gallegos 0-0: Foul Ball, location: 2F
0-1: Ball
1-1: Fly out, F7 (Flyball, 7D)
Batting: RHB Salvador Castro 0-0: Called Strike
0-1: Foul Ball, location: 2F
0-2: Strikes out swinging
Batting: SHB Teko de Bruin 0-0: Ball
1-0: Called Strike
1-1: Reached on error, E6 (Groundball, 6)
Batting: LHB Chris White 0-0: Foul Ball, location: 2F
0-1: Ball
1-1: Ball
2-1: SINGLE (Groundball, 34D)
Teko de Bruin to second
Runner from 2nd tries for 3rd, SAFE, throw made to third
Batting: RHB Cameron Irwin 0-0: Ball
1-0: Swinging Strike
1-1: Ball
2-1: Called Strike
2-2: Foul Ball, location: 2F
2-2: Strikes out looking
Top of the 4th over - 0 runs, 1 hit, 1 error, 2 left on base; Beaverton 1 - Nantucket 0
BOTTOM OF THE 4TH
Nantucket Orcas batting - Pitching for Beaverton Bronze Souls : RHP Wilson Díaz
Batting: RHB Demetrio Inrouville 0-0: Ball
1-0: SINGLE (Line Drive, 7S)
Batting: LHB Eugene Lee 0-0: Called Strike
0-1: Foul Ball, location: 2F
0-2: Ball
1-2: Foul Ball, location: 2F
1-2: Ball
2-2: Foul Ball, location: 2F
2-2: Grounds into double play, 4-6-3 (Groundball, 4)
Batting: RHB Paul Bell 0-0: Ball
1-0: Ball
2-0: Ball
3-0: Foul Ball, location: 2F
3-1: Called Strike
3-2: Base on Balls
Batting: RHB Juan Gómez 0-0: Ball
1-0: Called Strike
1-1: Ball
2-1: Ball
3-1: Called Strike
3-2: Ground out 4-3 (Groundball, 34)
Bottom of the 4th over - 0 runs, 1 hit, 0 errors, 1 left on base; Beaverton 1 - Nantucket 0
TOP OF THE 5TH
Beaverton Bronze Souls batting - Pitching for Nantucket Orcas : LHP Lopes Ambar
Batting: LHB Manuel Félix 0-0: Called Strike
0-1: Ground out 6-3 (Groundball, 6M)
Batting: RHB Steve Smith 0-0: Ball
1-0: Foul Ball, location: 2F
1-1: Swinging Strike
1-2: Ball
2-2: Strikes out swinging
Batting: RHB Dan Cross 0-0: Foul Ball, location: 2F
0-1: Foul Ball, location: 2F
0-2: Foul Ball, location: 2F
0-2: Strikes out swinging
Top of the 5th over - 0 runs, 0 hits, 0 errors, 0 left on base; Beaverton 1 - Nantucket 0
BOTTOM OF THE 5TH
Nantucket Orcas batting - Pitching for Beaverton Bronze Souls : RHP Wilson Díaz
Batting: SHB Cristián Salazar 0-0: Fly out, F9 (Line Drive, 89D)
Batting: RHB Curt O'Brian 0-0: Ball
1-0: Ball
2-0: Fly out, F8 (Line Drive, 8LD)
Batting: RHB Norberto Navarro 0-0: Ground out 5-3 (Groundball, 56)
Bottom of the 5th over - 0 runs, 0 hits, 0 errors, 0 left on base; Beaverton 1 - Nantucket 0
TOP OF THE 6TH
Beaverton Bronze Souls batting - Pitching for Nantucket Orcas : LHP Lopes Ambar
Batting: RHB Luis Carranza 0-0: TRIPLE (Flyball, 89XD)
Batting: LHB Cisco Gallegos 0-0: Called Strike
0-1: Ball
1-1: Ground out 4-3 (Groundball, 34)
Batting: RHB Salvador Castro 0-0: Intentional Walk
Batting: SHB Teko de Bruin 0-0: SINGLE (Groundball, 56D)
Luis Carranza scores
Salvador Castro to second
Batting: LHB Chris White 0-0: Foul Ball, location: 2F
0-1: Foul Ball, location: 2F
0-2: Fielders Choice at 2nd, 3-6 (Groundball, 34)
Salvador Castro to third
Batting: RHB Cameron Irwin 0-0: Fielders Choice at 2nd, 6-4 (Groundball, 6)
Top of the 6th over - 1 run, 2 hits, 0 errors, 2 left on base; Beaverton 2 - Nantucket 0
BOTTOM OF THE 6TH
Nantucket Orcas batting - Pitching for Beaverton Bronze Souls : RHP Wilson Díaz
Batting: RHB Luis Cruz 0-0: Ball
1-0: Swinging Strike
1-1: Reached on error, E1 (Groundball, 13)
Batting: RHB Charlie Pérez 0-0: Ball
Luis Cruz steals 3rd base
1-0: Foul Ball, location: 2F
1-1: Ball
2-1: Ball
3-1: Foul Ball, location: 2F
3-2: Strikes out looking
Batting: RHB Demetrio Inrouville 0-0: Swinging Strike
0-1: Called Strike
0-2: Ball
1-2: Ball
2-2: Foul Ball, location: 2F
2-2: Strikes out swinging
Batting: LHB Eugene Lee 0-0: Ball
1-0: Foul Ball, location: 2F
1-1: Called Strike
1-2: SINGLE (Flyball, 7LM)
Luis Cruz scores
Batting: RHB Paul Bell 0-0: Ball
1-0: Called Strike
1-1: Fielders Choice at 2nd, 5-4 (Groundball, 56)
Bottom of the 6th over - 1 run, 1 hit, 1 error, 1 left on base; Beaverton 2 - Nantucket 1
TOP OF THE 7TH
Beaverton Bronze Souls batting - Pitching for Nantucket Orcas : LHP Lopes Ambar
Batting: LHB Manuel Félix 0-0: Ball
1-0: Ball
2-0: Ball
3-0: Base on Balls
Batting: RHB Steve Smith 0-0: Ball
1-0: Fly out, F9 (Flyball, 9S)
Batting: RHB Dan Cross 0-0: Ball
1-0: Ball
2-0: Fly out, F7 (Flyball, 7LM)
Batting: RHB Luis Carranza 0-0: Ball
1-0: Swinging Strike
1-1: Ball
2-1: Fly out, F8 (Flyball, 8LM)
Top of the 7th over - 0 runs, 0 hits, 0 errors, 1 left on base; Beaverton 2 - Nantucket 1
BOTTOM OF THE 7TH
Nantucket Orcas batting - Pitching for Beaverton Bronze Souls : RHP Wilson Díaz
Pitching: RHP Ramón Martínez
Batting: RHB Juan Gómez 0-0: Ball
1-0: Ball
2-0: Foul Ball, location: 2F
2-1: Hit by Pitch
Pinch Hitting: LHB Steve Blankenship 0-0: Foul Ball, location: 2F
0-1: Ball
1-1: Called Strike
1-2: Ball
2-2: Grounds into double play, 5-4-3 (Groundball, 5)
Batting: RHB Curt O'Brian 0-0: Called Strike
0-1: Ball
1-1: Ball
2-1: SINGLE (Flyball, 9LS)
Batting: RHB Norberto Navarro 0-0: Called Strike
Curt O'Brian is caught stealing 2nd base
Bottom of the 7th over - 0 runs, 1 hit, 0 errors, 0 left on base; Beaverton 2 - Nantucket 1
TOP OF THE 8TH
Beaverton Bronze Souls batting - Pitching for Nantucket Orcas : LHP Lopes Ambar
Now at 2B: Armando Hernández
Batting: LHB Cisco Gallegos 0-0: Swinging Strike
0-1: Called Strike
0-2: SINGLE (Line Drive, 56D)
Batting: RHB Salvador Castro 0-0: Foul Ball, location: 2F
0-1: Foul Ball, location: 2F
0-2: Foul Ball, location: 2F
0-2: Ball
1-2: Ground out 6-3 (Groundball, 56)
Cisco Gallegos to second
Pinch Hitting: RHB José Dávila 0-0: Intentional Walk
Pinch Hitting: RHB Ed Fuhrman 0-0: Ball
1-0: Called Strike
1-1: Ball
2-1: Swinging Strike
2-2: Foul Ball, location: 2F
2-2: Reached on error, E6 (Groundball, 6M)
Cisco Gallegos to third
José Dávila to second
Pitching: RHP Jorge González
Pinch Hitting: LHB Balduíno Bruschy 0-0: Ball
1-0: Ball
2-0: Ball
3-0: Called Strike
3-1: Called Strike
3-2: Foul Ball, location: 2F
3-2: Base on Balls
Cisco Gallegos scores
José Dávila to third
Ed Fuhrman to second
Batting: LHB Manuel Félix 0-0: Called Strike
0-1: Foul Ball, location: 2F
0-2: Ball
1-2: Grounds into fielders choice 5-2 (Groundball, 5)
Ed Fuhrman to third
Balduíno Bruschy to second
Batting: RHB Steve Smith 0-0: Called Strike
0-1: Fly out, F9 (Flyball, 89S)
Top of the 8th over - 1 run, 1 hit, 1 error, 3 left on base; Beaverton 3 - Nantucket 1
BOTTOM OF THE 8TH
Nantucket Orcas batting - Pitching for Beaverton Bronze Souls : RHP Ramón Martínez
Now at 3B: Alberto Sandoval
Now in LF: Owen Parra
Now in RF: Vernon Harris
Batting: RHB Norberto Navarro 0-0: Foul Ball, location: 2F
0-1: Swinging Strike
0-2: Ball
1-2: Fly out, F9 (Flyball, 9S)
Batting: RHB Luis Cruz 0-0: Foul Ball, location: 2F
0-1: Fly out, F8 (Flyball, 8LD)
Batting: RHB Charlie Pérez 0-0: Called Strike
0-1: Ball
1-1: Foul Ball, location: 2F
1-2: Ball
2-2: Foul Ball, location: 2F
2-2: Ball
3-2: Foul Ball, location: 2F
3-2: Strikes out swinging
Bottom of the 8th over - 0 runs, 0 hits, 0 errors, 0 left on base; Beaverton 3 - Nantucket 1
TOP OF THE 9TH
Beaverton Bronze Souls batting - Pitching for Nantucket Orcas : RHP Jorge González
Batting: RHB Dan Cross 0-0: Fly out, F7 (Flyball, 7LS)
Batting: RHB Luis Carranza 0-0: Ball
1-0: Ground out U3 (Groundball, 3)
Batting: LHB Cisco Gallegos 0-0: Called Strike
0-1: Ball
1-1: SINGLE (Groundball, 56D)
Batting: RHB Salvador Castro 0-0: Ball
1-0: Foul Ball, location: 2F
1-1: Ball
2-1: Called Strike
2-2: Strikes out looking
Top of the 9th over - 0 runs, 1 hit, 0 errors, 1 left on base; Beaverton 3 - Nantucket 1
BOTTOM OF THE 9TH
Nantucket Orcas batting - Pitching for Beaverton Bronze Souls : RHP Ramón Martínez
Pitching: LHP Javier Barrera
Batting: RHB Demetrio Inrouville 0-0: Fly out, F5 (Popup, 5SF)
Batting: LHB Eugene Lee 0-0: Fly out, F9 (Flyball, 9S)
Batting: RHB Paul Bell 0-0: SINGLE (Groundball, 56S) (infield hit)
Batting: RHB Juan Gómez 0-0: Ball
1-0: Fielders Choice at 2nd, 6-4 (Groundball, 6)
Bottom of the 9th over - 0 runs, 1 hit, 0 errors, 1 left on base; Beaverton 3 - Nantucket 1
Saturday, April 7th, 2018 - OOTP Baseball 18.8 Build 76